 Dungeon Crawl Stone Soup version 0.23.2-33-g5129a83184 (webtiles) character file.

Game seed: 9820007313612747120

663 Joat the Chopper (level 7, -8/61 HPs)
             Began as a Hill Orc Fighter on July 5, 2019.
             Was a Follower of Beogh.
             Mangled by an orc warrior
             ... wielding a +0 short sword
              (10 damage)
             ... on level 5 of the Dungeon.
             The game lasted 00:12:58 (4136 turns).

Joat the Chopper (Hill Orc Fighter)                 Turns: 4136, Time: 00:12:59

Health: -8/61      AC: 13    Str: 19    XL:     7   Next: 56%
Magic:  8/8        EV:  5    Int:  8    God:    Beogh [*.....]
Gold:   268        SH: 10    Dex: 12    Spells: 6/6 levels left

rFire    + . .     SeeInvis .   a - +0 war axe
rCold    . . .     Gourm    .   c - +0 shield
rNeg     + . .     Faith    .   p - +0 chain mail
rPois    .         Spirit   .   (no helmet)
rElec    .         Reflect  .   i - +0 cloak
rCorr    .         Harm     .   B - +0 pair of gloves
MR       .....                  g - +0 pair of boots
Stlth    ..........             (no amulet)
HPRegen  0.20/turn              n - ring of protection from fire
MPRegen  0.11/turn              j - ring of positive energy

@: no status effects
A: no striking features
a: Renounce Religion


You were on level 5 of the Dungeon.
You worshipped Beogh.
Beogh was aware of your devotion.
You were not hungry.

You visited 1 branch of the dungeon, and saw 5 of its levels.

You collected 268 gold pieces.

Inventory:

Hand Weapons
 a - a +0 war axe (weapon)
 C - a +2 glaive of venom
 D - a +0 halberd
Armour
 c - a +0 shield (worn)
 g - a +0 pair of boots (worn)
 i - a +0 cloak (worn)
 p - a +0 chain mail (worn)
 B - a +0 pair of gloves (worn)
Jewellery
 j - a ring of positive energy (right hand)
 l - a +3 ring of evasion
 n - a ring of protection from fire (left hand)
 r - an uncursed ring of resist corrosion
Wands
 u - a wand of digging (5)
 w - a wand of enslavement (4)
Scrolls
 k - a scroll of remove curse {unknown}
 m - 5 scrolls of identify {unknown}
 o - a scroll of enchant weapon {unknown}
 s - a scroll of amnesia {unknown}
 t - a scroll of immolation {unknown}
 v - a scroll of fear {unknown}
 y - 4 scrolls of teleportation {unknown}
Potions
 b - 5 potions of curing {unknown}
 d - 3 potions of might
 e - a potion of degeneration {unknown}
 h - a potion of agility {unknown}
 q - 2 potions of mutation {unknown}
 x - a potion of haste {unknown}
 z - a potion of lignification {unknown}
 A - a potion of heal wounds {unknown}
Comestibles
 f - 8 rations
 E - 2 chunks of flesh


   Skills:
 + Level 5.2 Fighting
 * Level 6.5 Axes
 + Level 4.7 Armour
 * Level 6.0 Shields
 - Level 1.4 Invocations


You had 6 spell levels left.
You didn't know any spells.
Your spell library was empty.

Dungeon Overview and Level Annotations

Branches:
Dungeon (5/15)
 Temple: D:4-7

Altars:
Nemelex Xobeh


Message History

Evoke which item? (* to show all) (? for menu, Esc to quit)
Aiming: Enslavement
Press: ? - help, Shift-Dir - straight line, f/p - orc warrior
Aim: an orc warrior, wielding a +0 short sword and wearing a +0 plate armour (severely wounded, chance to defeat MR: 46%)
The orc warrior resists with some effort.
You block the orc warrior's attack.
Evoke which item? (* to show all) (? for menu, Esc to quit)
Aiming: Enslavement
Press: ? - help, Shift-Dir - straight line, f/p - orc warrior
Aim: an orc warrior, wielding a +0 short sword and wearing a +0 plate armour (severely wounded, chance to defeat MR: 46%)
The orc warrior resists with some effort.
You block the orc warrior's attack.
Evoke which item? (* to show all) (? for menu, Esc to quit)
Aiming: Enslavement
Press: ? - help, Shift-Dir - straight line, f/p - orc warrior
Aim: an orc warrior, wielding a +0 short sword and wearing a +0 plate armour (severely wounded, chance to defeat MR: 46%)
The orc warrior resists with some effort.
The orc warrior hits you with a +0 short sword!
You die...
Beogh appreciates the orc warrior's killing of a heretic priest.

...#####....#######
#### #....#.....#
#....#.....#
#....).....#
#....#)....#
#....#.....#
######.....#
+.....# #...@.#
#...Wo#
#....)†....#
#.....#....#
#######....# ...#
...# ..# ...


You could see a phantom and an orc warrior.

Vanquished Creatures
  A scorpion (D:4)
  An orc wizard (D:5)
  5 orc priests
  A centaur skeleton (D:4)
  A hound (D:5)
  A jelly (D:2)
  Ijyb (D:3)
  Natasha (thrice) (D:3)
  A worker ant (D:4)
  A hound skeleton (D:4)
  3 gnolls (D:5)
  7 adders
  A shadow imp (D:2)
  An ooze (D:2)
  An adder skeleton (D:4)
  4 worms
  A dart slug (D:1)
  A leopard gecko (D:4)
  10 orcs
  9 bats
  7 giant cockroaches
  7 goblins
  7 hobgoblins
  6 jackals
  A ball python (D:4)
  7 frilled lizards
  16 kobolds
  A leopard gecko skeleton (D:4)
  7 rats
113 creatures vanquished.

Vanquished Creatures (others)
  A bat (D:3)
1 creature vanquished.

Grand Total: 114 creatures vanquished

Notes
Turn   | Place    | Note
-------+----------+-------------------------------------------
     0 | D:1      | Joat the Hill Orc Fighter began the quest for the Orb.
     0 | D:1      | Reached XP level 1. HP: 19/19 MP: 1/1
   113 | D:1      | Reached XP level 2. HP: 27/27 MP: 2/2
   374 | D:1      | Reached XP level 3. HP: 33/33 MP: 3/3
   926 | D:2      | Reached XP level 4. HP: 15/40 MP: 4/4
  1907 | D:3      | Noticed Ijyb
  1923 | D:3      | Killed Ijyb
  1923 | D:3      | Reached XP level 5. HP: 45/47 MP: 5/5
  1991 | D:3      | Noticed Natasha
  2001 | D:3      | Killed Natasha
  2119 | D:3      | Noticed Natasha
  2123 | D:3      | Killed Natasha
  2347 | D:3      | Noticed Natasha
  2364 | D:3      | Killed Natasha
  2364 | D:3      | Reached skill level 5 in Axes
  2364 | D:3      | Reached XP level 6. HP: 44/53 MP: 6/6
  2417 | D:3      | Became a worshipper of Beogh the Brigand
  2566 | D:4      | Reached skill level 5 in Shields
  3022 | D:4      | Reached skill level 1 in Invocations
  3125 | D:4      | Reached * piety under Beogh
  3423 | D:4      | Reached XP level 7. HP: 46/60 MP: 8/8
  3675 | D:4      | Found a sparkling altar of Nemelex Xobeh.
  3675 | D:4      | Found a transporter.
  3676 | D:4      | Noticed a steam dragon
  3804 | D:5      | Entered Level 5 of the Dungeon
  3824 | D:5      | Reached skill level 5 in Fighting
  4130 | D:5      | HP: 1/61 [orc warrior/+0 short sword (8)]
  4136 | D:5      | Mangled by an orc warrior

Skill      XL: |  1  2  3  4  5  6  7 |
---------------+----------------------+-----
Axes           | 3 4 5 6 |  6.5
Fighting       | 4 5 |  5.2
Shields        | 4 5 6 |  6.0
Armour         | 4 |  4.7
Invocations    | 1 |  1.4

Action                   |  1- 3 |  4- 6 |  7- 9 || total
-------------------------+-------+-------+-------++-------
Melee: War axe           |   133 |   229 |    80 ||   442
Invok: Convert to Beogh  |       |     1 |       ||     1
Evoke: Wand              |       |       |     5 ||     5
  Eat: Chunk             |       |     8 |     3 ||    11
Armor: Scale mail        |    57 |       |       ||    57
       Chain mail        |    28 |   130 |    42 ||   200
Dodge: Dodged            |    48 |    46 |    13 ||   107
Block: Shield            |    78 |   137 |    50 ||   265
